 Dungeon Crawl Stone Soup version 0.20-a0-959-gdc9e609 (webtiles) character file.

51716 AlphabetPasta the Lord of Darkness (level 14, -15/63 HPs)
             Began as a Felid Necromancer on Apr 4, 2017.
             Was the Champion of Kikubaaqudgha.
             Shot with an arrow by a naga sharpshooter (23 damage)
             ... on level 2 of the Snake Pit on Apr 6, 2017.
             The game lasted 05:47:54 (45739 turns).

AlphabetPasta the Lord of Darkness (FeNe)          Turns: 45739, Time: 05:47:55

Health: -15/63     AC:  3    Str:  6    XL:     14   Next: 24%
Magic:  19/30      EV: 33    Int: 22    God:    Kikubaaqudgha [******]
Gold:   2350       SH:  3    Dex: 23    Spells: 0/36 levels left
                                        Lives:  0   Deaths: 5

rFire    . . .     SeeInvis +     - Unarmed
rCold    + . .     Gourm    .   (shield unavailable)
rNeg     . . .     Faith    .   (armour unavailable)
rPois    .         Spirit   .   (helmet unavailable)
rElec    +         Reflect  +   (cloak unavailable)
rCorr    .         Harm     .   (gloves unavailable)
MR       ++...                  (boots unavailable)
Stlth    ++++++....             M - +3 amulet of reflection
Regen    0.2/turn               u - ring "Ymah Iky" {rElec Str+2 Dex+5}
MPRegen  0.3/turn               E - +4 ring of slaying

@: quick
A: no armour, no weapons or thrown items, stealth, claws 1, fangs 3, see
invisible, carnivore 3, speed 1, shaggy fur 3, slow metabolism 1, sharp paws
a: Receive Corpses, Torment, Receive Necronomicon, Renounce Religion


You were on level 2 of the Snake Pit.
You worshipped Kikubaaqudgha.
Kikubaaqudgha was exalted by your worship.
You were full.

You visited 6 branches of the dungeon, and saw 27 of its levels.
You also visited: Ice Cave.

You collected 3025 gold pieces.
You spent 675 gold pieces at shops.

Inventory:

Jewellery
 m - the ring of Vanity {+Blink rPois rF+ rN++ Int-3}
   (You found it on level 6 of the Lair of Beasts)

   [ring of poison resistance]

   It affects your intelligence (-3).
   It protects you from fire.
   It protects you from poison.
   It greatly protects you from negative energy.
   It lets you blink.
 s - an uncursed ring of protection from magic
 t - a +3 ring of evasion
 u - the ring "Ymah Iky" (left paw) {rElec Str+2 Dex+5}
   (You acquired it on level 3 of the Lair of Beasts)

   [ring of dexterity]

   It affects your strength (+2).
   It affects your dexterity (+5).
   It insulates you from electricity.
 A - the ring "Ifusih" {rPois MP+9 Int+3}
   (You bought it in a shop on level 2 of the Orcish Mines)

   [ring of magical power]

   It affects your intelligence (+3).
   It protects you from poison.
   It affects your magic capacity (+9).
 B - an uncursed ring of resist corrosion
 E - a +4 ring of slaying (right paw)
 I - a +3 ring of protection
 M - a +3 amulet of reflection (around neck)
 N - an uncursed amulet of faith {unknown}
 R - the ring of Boikikh {+Fly rElec rN+}
   (You found it on level 6 of the Lair of Beasts)

   [ring of flight]

   It insulates you from electricity.
   It protects you from negative energy.
   It lets you fly.
Wands
 d - a wand of digging (3/24)
 f - a wand of paralysis (0/24)
 g - a wand of confusion (19/48)
 i - a wand of polymorph (2/24)
 k - a wand of disintegration (7/24)
 r - a wand of acid (8/15)
 v - a wand of lightning (0/15)
 w - a wand of iceblast (0/15)
 z - a wand of confusion (0/48)
 F - a wand of disintegration (17/24)
 J - a wand of digging (15/24)
 K - a wand of lightning (2/15)
Scrolls
 h - 6 scrolls of remove curse
 q - a scroll of fog
 D - 2 scrolls of magic mapping
 G - 3 scrolls of teleportation
 H - 3 scrolls of recharging
 L - 3 scrolls of fear
 W - a scroll of summoning
 X - a scroll of amnesia
Potions
 a - a potion of haste
 c - 6 potions of curing
 e - a potion of brilliance
 j - a potion of ambrosia
 l - 3 potions of cancellation
 n - 2 potions of heal wounds
 p - 6 potions of might
 x - a potion of agility
 P - 3 potions of magic
 Q - a potion of resistance
Books
 y - Kikubaaqudgha's Catalogue of Evil
   (Kikubaaqudgha gifted it to you on level 9 of the Dungeon)

   Spells                             Type                      Level
   a - Animate Dead                   Necromancy                   4
   b - Bolt of Draining               Conjuration/Necromancy       5
   c - Agony                          Necromancy                   5
   d - Dispel Undead                  Necromancy                   5
   e - Simulacrum                     Ice/Necromancy               6
Miscellaneous
 C - a fan of gales
 S - a sack of spiders
 T - a lamp of fire
 U - a fan of gales
Comestibles
 b - 16 meat rations
 o - 14 royal jellies


   Skills:
 - Level 8.0 Fighting
 + Level 15.2 Dodging
 - Level 12.0 Stealth
 + Level 8.6 Unarmed Combat
 + Level 11.9 Spellcasting
 + Level 14.3 Hexes
 - Level 2.3 Charms
 * Level 16.6 Necromancy
 - Level 4.2 Translocations
 + Level 8.5 Evocations


You couldn't memorise any spells.
You knew the following spells:

 Your Spells              Type           Power        Failure   Level  Hunger
a - Pain                  Necr           ####         0%          1    None
b - Animate Skeleton      Necr           N/A          0%          1    None
c - Vampiric Draining     Necr           ######....   0%          3    None
d - Regeneration          Chrm/Necr      ######....   1%          3    None
e - Animate Dead          Necr           N/A          1%          4    None
f - Blink                 Tloc           N/A          1%          2    None
g - Bolt of Draining      Conj/Necr      #####.....   6%          5    ####...
h - Corpse Rot            Necr           N/A          0%          2    None
i - Sublimation of Blood  Necr           ######....   0%          2    None
j - Confuse               Hex            ######..     1%          3    None
k - Dispel Undead         Necr           ######..     1%          5    ####...
l - Agony                 Necr           ######..     1%          5    ####...


Dungeon Overview and Level Annotations

Branches:
Dungeon (15/15)            Temple (1/1) D:5            Lair (6/6) D:11
 Shoals (1/4) Lair:4        Snake (2/4) Lair:2        Slime (0/5) Lair:5
    Orc (2/2) D:10            Elf (0/3) Orc:2        Vaults (0/5) D:14
 Depths (0/5) D:15

Altars:
Ashenzari
Cheibriados
Dithmenos
Elyvilon
Fedhas
Gozag
Hepliaklqana
Kikubaaqudgha
Makhleb
Nemelex Xobeh
Okawaru
Qazlal
Ru
Sif Muna
Trog
Uskayaw
Vehumet
Wu Jian
Xom
Yredelemnul
Zin
The Shining One
Beogh

Shops:
D:5 [   D:6 (   D:14 [   Orc:2 *[(=

Annotations:
D:8 exclusions: obsidian statue and orange crystal statue
D:15 exclusion: Roxanne, Roxanne
Lair:1 exclusion: oklob plant


Innate Abilities, Weirdness & Mutations

You cannot wear armour.
You are incapable of wielding weapons or throwing items.
Your paws allow you to move quietly. (Stealth)
You have sharp claws.
You have razor-sharp teeth.
You have supernaturally acute eyesight. (SInv)
You are carnivorous and can eat meat at any time.
You cover ground quickly.
Your thick and shaggy fur keeps you warm. (AC +3, rC+)
You have a slow metabolism.
Your sharp claws are effective at attacking unaware monsters.


Message History

Aiming: Confuse
Press: ? - help, Shift-Dir - straight line, f - salamander, p - naga sharpshooter
Aim: a salamander, wielding a shortbow of flaming (chance to defeat MR: 63%)
The salamander appears confused.
The salamander unwields an uncursed shortbow of flaming.
It stops flaming.
The salamander hits the naga sharpshooter!
The naga sharpshooter is engulfed in flames!
Casting: Confuse
Confirm with . or Enter, or press ? or * to list all spells.
Okay, then.
The naga sharpshooter gestures wildly while chanting.
The naga sharpshooter magically shoots an arrow.
The arrow hits you!!
* * * LOW HITPOINT WARNING * * *
The naga sharpshooter mumbles some strange words.
The naga sharpshooter magically shoots an arrow.
The arrow hits you!!
You die...
Kikubaaqudgha rasps: "You have failed me!
Welcome... death!"

#### ##....##.#
##..####........#
#..#.............
##.)##.<..H†2.....
##....!.....#######
##.........###......
#....(....(........#
#.#..(.....#####..##. #.
#.@......(.......#. #.
##..#............... .
##..###..#..........#
##..##....#.....#.#... #?.
#.N.......#..#..####..
##..##N#N....###...#........
#...<.#N.......###.#..#.)...
#.#........N......#..##.....
#.#..............#......###.


You could see a naga warrior, 2 naga sharpshooters and a salamander (confused).

Vanquished Creatures
  Saint Roka (Orc:2)
  Asterion (Snake:2)
  Rupert (D:15)
  Louise (Snake:2)
  The ghost of Kaishin the Demonic Aeon, a journeyman DsIE of Cheibriados (IceCv)
  2 dire elephants
  7 vault guards
  2 catoblepae (Lair:6)
  10 hydras
  2 naga warriors
  Erolcha (D:9)
  3 centaur warriors
  6 anacondas
  7 two-headed ogres
  5 death yaks
  2 tengu warriors (D:15)
  Urug (Orc:2)
  2 naga sharpshooters
  3 orc high priests
  2 shock serpents
  3 unseen horrors
  3 sea snakes
  3 naga ritualists (Snake:1)
  5 orc knights
  Pikel (D:7)
  A lindwurm (Lair:6)
  An orb spider (shapeshifter) (D:14)
  8 mana vipers (Snake:1)
  5 orc sorcerers
  A wolf spider (D:15)
  18 ugly things
  7 manticores
  A cyclops (D:9)
  6 slime creatures
  2 salamanders
  A centaur zombie (D:14)
  A water nymph (Shoals:1)
  3 torpor snails
  4 naga magi
  18 black mambas
  17 spiny frogs
  4 elephants
  3 gargoyles
  The ghost of reptisaurus the Caller, a novice BaSu of Wu Jian (D:6)
  3 kobold demonologists (D:14)
  4 rime drakes
  A komodo dragon (Lair:6)
  A merfolk (Shoals:1)
  6 trolls
  A queen bee (D:9)
  9 polar bears (Lair:6)
  Prince Ribbit (D:9)
  A wind drake (Shoals:1)
  21 blink frogs
  17 dream sheep
  3 raiju (Lair:6)
  10 hippogriffs
  3 wyverns
  3 wraiths
  9 basilisks
  A vampire (D:15)
  A shadow (D:13)
  3 water elementals
  35 yaks
  12 vampire mosquitoes
  A hungry ghost (D:13)
  Grum (Lair:1)
  10 nagas
  6 wargs
  2 wargs (shapeshifter)
  Edmund (D:5)
  An acid dragon (D:15)
  17 water moccasins
  8 hell hounds (Lair:6)
  A soldier ant (D:12)
  An insubstantial wisp (Lair:2)
  8 porcupines
  32 orc warriors
  12 ice beasts
  An eye of draining (D:11)
  5 sky beasts
  14 black bears
  A black bear (shapeshifter) (D:15)
  15 ogres
  A necrophage (D:12)
  2 phantoms
  21 wolves
  7 centaurs
  9 crocodiles
  4 big kobolds
  16 bullfrogs
  7 scorpions
  33 killer bees
  15 wights
  7 howler monkeys
  3 electric eels (D:11)
  7 crimson imps
  3 jellies
  8 hounds
  23 orc priests
  5 bullfrog skeletons
  20 orc wizards
  7 centaur skeletons
  4 iguanas
  10 worker ants
  2 hound skeletons
  8 gnolls
  15 adders
  4 shadow imps
  An ooze (D:3)
  An adder skeleton (D:8)
  A worm (D:2)
  2 dart slugs
  7 leopard geckos
  68 orcs
  6 bats
  8 giant cockroaches
  6 goblins
  10 hobgoblins
  8 jackals
  3 quokkas
  3 ball pythons (D:3)
  6 frilled lizards
  27 kobolds
  A quokka skeleton (D:5)
  4 rats
  A butterfly (Lair:1)
  2 fungi
865 creatures vanquished.

Vanquished Creatures (collateral kills)
  A nagaraja (Snake:2)
  Harold (D:12)
  A vault guard (D:14)
  A hydra (Lair:4)
  A naga warrior (Snake:1)
  An anaconda (Snake:1)
  A death yak (Lair:5)
  A shock serpent (Snake:2)
  A sea snake (Snake:1)
  A naga ritualist (Snake:1)
  A mana viper (Snake:1)
  A lindwurm (Lair:6)
  2 ugly things (D:14)
  A salamander (Snake:1)
  A cyclops (Shoals:1)
  10 black mambas
  A merfolk siren (Shoals:1)
  A naga mage (Snake:1)
  A guardian serpent (Snake:2)
  A spiny frog (Lair:6)
  A merfolk (Shoals:1)
  A hippogriff (D:7)
  4 dream sheep
  2 raiju (Lair:6)
  A blink frog (Lair:1)
  A wraith (D:10)
  A basilisk (Lair:6)
  6 yaks (Lair:6)
  A vampire mosquito (D:14)
  2 nagas (Snake:1)
  A warg (Lair:6)
  3 hell hounds (Lair:6)
  A water moccasin (Lair:2)
  A swamp drake (Lair:1)
  A porcupine (Lair:2)
  A black bear (Lair:6)
  2 ogres (Orc:1)
  2 centaurs
  7 wolves
  A big kobold (D:14)
  3 bullfrogs
  A gnoll sergeant (D:7)
  3 killer bees
  A wight (D:9)
  A hound (D:11)
  2 orc priests
  A centaur skeleton (D:12)
  A worker ant (D:10)
  3 orc wizards
  An adder skeleton (D:5)
  9 orcs
  A butterfly (Lair:1)
  2 fungi (Lair:3)
99 creatures vanquished.

Vanquished Creatures (others)
  A salamander (D:15)
  Grinder (D:6)
  A yak (D:9)
  Menkaure (D:7)
  10 fungi
  24 plants
38 creatures vanquished.

Grand Total: 1002 creatures vanquished

Notes
Turn   | Place    | Note
-------+----------+-------------------------------------------
     0 | D:1      | AlphabetPasta the Felid Necromancer began the quest for the Orb.
     0 | D:1      | Reached XP level 1. HP: 7/7 MP: 4/4
    22 | D:1      | Learned a level 1 spell: Animate Skeleton
   444 | D:1      | Found an iron altar of Okawaru.
   496 | D:1      | Reached XP level 2. HP: 8/11 MP: 3/6
  1197 | D:1      | Reached XP level 3. HP: 8/14 MP: 1/7
  1298 | D:1      | Learned a level 3 spell: Vampiric Draining
  2036 | D:2      | Reached skill level 1 in Unarmed Combat
  2377 | D:2      | Reached XP level 4. HP: 14/18 MP: 6/9
  2396 | D:2      | Learned a level 3 spell: Regeneration
  2661 | D:2      | Found a glowing golden altar of the Shining One.
  3838 | D:3      | Found an opulent altar of Gozag.
  4250 | D:3      | Reached skill level 1 in Fighting
  4250 | D:3      | Reached skill level 5 in Necromancy
  4250 | D:3      | Reached XP level 5. HP: 6/22 MP: 0/10
  4832 | D:4      | Noticed an ogre
  5573 | D:4      | Gained mutation: You are covered in thick fur. (AC +2) [Felid growth]
  5573 | D:4      | Reached XP level 6. HP: 13/25 MP: 3/12
  5579 | D:4      | Learned a level 4 spell: Animate Dead
  6144 | D:4      | Slain by an ogre
  6145 | D:4      | Reached XP level 5. HP: -5/22 MP: 6/11
  6195 | D:4      | Killed an ogre
  6195 | D:4      | Reached skill level 5 in Dodging
  6195 | D:4      | Reached skill level 6 in Necromancy
  6195 | D:4      | Reached XP level 6. HP: 23/25 MP: 9/13
  6656 | D:5      | Entered Level 5 of the Dungeon
  6971 | D:5      | Found a staircase to the Ecumenical Temple.
  6980 | Temple   | Entered the Ecumenical Temple
  6990 | Temple   | Became a worshipper of Kikubaaqudgha
  7074 | D:5      | Reached XP level 7. HP: 18/30 MP: 5/14
  7096 | D:5      | Learned a level 2 spell: Blink
  7581 | D:5      | Reached skill level 1 in Translocations
  7616 | D:5      | Found Igifinas's Armour Shop.
  7708 | D:5      | Found a radiant altar of Vehumet.
  7739 | D:5      | Noticed Edmund
  7773 | D:5      | Killed Edmund
  7773 | D:5      | Reached skill level 7 in Necromancy
  7994 | D:5      | Reached skill level 1 in Evocations
  8003 | D:5      | Found a bloodstained altar of Trog.
  8008 | D:5      | Found a blossoming altar of Fedhas.
  8009 | D:5      | Found a hazy altar of Hepliaklqana.
  8158 | D:6      | Noticed Grinder
  8158 | D:6      | Paralysed by Grinder for 7 turns
  8180 | D:6      | Killed Grinder
  8180 | D:6      | Reached skill level 1 in Charms
  8180 | D:6      | Reached XP level 8. HP: 33/33 MP: 16/16
  8225 | D:6      | Found a shimmering altar of Xom.
  8232 | D:6      | Reached skill level 5 in Stealth
  8232 | D:6      | Reached skill level 5 in Spellcasting
  8236 | D:6      | Learned a level 2 spell: Slow
  8353 | D:6      | HP: 1/33 [orc priest/nerve-wracking pain (14)]
  8497 | D:6      | Found Untism's Antique Weapon Shoppe.
  8558 | D:6      | Noticed reptisaurus's ghost (novice BaSu)
  8651 | D:6      | Found a shattered altar of Ashenzari.
  8831 | D:6      | Reached skill level 1 in Hexes
  9385 | D:7      | Reached skill level 8 in Necromancy
  9544 | D:7      | Reached * piety under Kikubaaqudgha
  9544 | D:7      | Identified Kikubaaqudgha's Almanac of Stolen Souls (Kikubaaqudgha gifted it to you on level 7 of the Dungeon)
  9544 | D:7      | Received a gift from Kikubaaqudgha
  9606 | D:7      | Reached XP level 9. HP: 29/36 MP: 14/18
  9747 | D:7      | Learned a level 2 spell: Corpse Rot
 10321 | D:7      | Noticed Pikel
 10332 | D:7      | Killed Pikel
 10332 | D:7      | Reached skill level 9 in Necromancy
 10370 | D:7      | Killed Menkaure
 11145 | D:7      | Learned a level 2 spell: Sublimation of Blood
 11304 | D:8      | Noticed an orange crystal statue
 11484 | D:8      | Noticed a two-headed ogre
 11491 | D:8      | Killed a two-headed ogre
 11491 | D:8      | Reached XP level 10. HP: 42/42 MP: 20/20
 11613 | D:8      | Reached ** piety under Kikubaaqudgha
 11752 | D:8      | Found an ornate altar of the Wu Jian Council.
 11882 | D:8      | Noticed an obsidian statue
 12256 | D:9      | Noticed a purple ugly thing
 12491 | D:9      | Noticed a cyclops
 12915 | D:9      | Killed a cyclops
 12915 | D:9      | Reached skill level 10 in Necromancy
 13067 | D:9      | Noticed Erolcha
 13074 | D:9      | Noticed Prince Ribbit
 13080 | D:9      | Killed Erolcha
 13080 | D:9      | Reached skill level 5 in Hexes
 13223 | D:9      | Killed Prince Ribbit
 14036 | D:9      | Reached XP level 11. HP: 37/45 MP: 2/22
 14196 | D:9      | Killed a purple ugly thing
 14216 | D:9      | Learned a level 3 spell: Confuse
 14661 | D:9      | Reached *** piety under Kikubaaqudgha
 14661 | D:9      | Identified Kikubaaqudgha's Catalogue of Evil (Kikubaaqudgha gifted it to you on level 9 of the Dungeon)
 14661 | D:9      | Received a gift from Kikubaaqudgha
 14900 | D:10     | Entered Level 10 of the Dungeon
 15390 | D:10     | Reached skill level 11 in Necromancy
 15466 | D:10     | Found a staircase to the Orcish Mines.
 15823 | D:10     | Noticed a two-headed ogre
 15830 | D:10     | Killed a two-headed ogre
 16105 | D:11     | Noticed a red ugly thing
 16116 | D:11     | Killed a red ugly thing
 16116 | D:11     | Reached skill level 10 in Dodging
 16448 | D:11     | Reached **** piety under Kikubaaqudgha
 16875 | D:11     | Found a staircase to the Lair.
 18018 | D:12     | Noticed Harold
 18268 | D:11     | Reached skill level 5 in Unarmed Combat
 18484 | D:12     | Noticed a cyan ugly thing
 18540 | D:12     | Killed a cyan ugly thing
 18540 | D:12     | Gained mutation: Your thick and shaggy fur keeps you warm. (AC +3, rC+) [Felid growth]
 18540 | D:12     | Reached XP level 12. HP: 49/49 MP: 17/25
 18863 | D:12     | Killed Harold
 18863 | D:12     | Reached skill level 12 in Necromancy
 18902 | D:12     | Reached ***** piety under Kikubaaqudgha
 19693 | Lair:1   | Entered Level 1 of the Lair of Beasts
 19915 | D:11     | Reached skill level 5 in Fighting
 20357 | Lair:1   | Learned a level 5 spell: Dispel Undead
 20636 | Lair:1   | Noticed Grum
 20671 | Lair:1   | Killed Grum
 20928 | Lair:1   | Reached skill level 5 in Evocations
 20954 | Lair:1   | Learned a level 5 spell: Dispel Undead
 21351 | Lair:2   | Found a staircase to the Snake Pit.
 21494 | Lair:2   | Noticed a five-headed hydra
 22588 | Lair:2   | Killed a seven-headed hydra
 22588 | Lair:2   | Reached XP level 13. HP: 48/55 MP: 27/27
 22692 | Lair:3   | Reached skill level 13 in Necromancy
 22776 | Lair:3   | Identified a scroll of acquirement
 22777 | Lair:3   | Got a flickering golden ring
 22779 | Lair:3   | Identified the ring "Ymah Iky" {rElec Str+2 Dex+5} (You acquired it on level 3 of the Lair of Beasts)
 23693 | Lair:4   | Mangled by a spiny frog
 23694 | Lair:4   | Reached XP level 12. HP: -10/51 MP: 16/26
 23694 | Lair:4   | Noticed a six-headed hydra
 24103 | Lair:4   | Found a staircase to the Shoals.
 24213 | Lair:4   | Killed a six-headed hydra
 24213 | Lair:4   | Reached skill level 10 in Hexes
 24242 | Lair:4   | Noticed a five-headed hydra
 24272 | Lair:4   | Killed a five-headed hydra
 24394 | Lair:4   | Noticed a death yak
 24404 | Lair:4   | Killed a death yak
 25041 | Lair:5   | Got a coiled brass ring
 25053 | Lair:5   | Noticed a death yak
 25054 | Lair:5   | Noticed a death yak
 25057 | Lair:5   | Noticed a death yak
 25057 | Lair:5   | Noticed a death yak
 25058 | Lair:5   | Noticed a death yak
 25270 | Lair:5   | Killed a death yak
 25377 | Lair:4   | Killed a death yak
 25576 | Lair:3   | Killed a death yak
 25576 | Lair:3   | Reached XP level 13. HP: 40/55 MP: 7/27
 26273 | Lair:5   | Found a staircase to the Slime Pits.
 26775 | D:6      | Killed reptisaurus's ghost
 26966 | Lair:6   | Entered Level 6 of the Lair of Beasts
 27069 | Lair:6   | Found a white marble altar of Elyvilon.
 27081 | Lair:6   | Reached ****** piety under Kikubaaqudgha
 27122 | Lair:6   | Found a frozen archway.
 27132 | IceCv    | Entered an ice cave
 27132 | IceCv    | Noticed Kaishin's ghost (journeyman DsIE)
 27136 | IceCv    | Killed Kaishin's ghost
 27136 | IceCv    | Reached skill level 10 in Spellcasting
 27141 | IceCv    | Reached skill level 14 in Necromancy
 27487 | Lair:6   | Killed from afar by a lindwurm
 27488 | Lair:6   | Reached XP level 12. HP: -14/52 MP: 20/27
 27752 | Lair:6   | Noticed a dire elephant
 27898 | Lair:6   | Identified the ring "Nozeat" {+Fly Str-4 Dex+5 SInv} (You found it on level 5 of the Lair of Beasts)
 28418 | Lair:6   | Reached skill level 10 in Stealth
 28845 | Lair:6   | Noticed a five-headed hydra
 28877 | Lair:6   | Killed a five-headed hydra
 29129 | Lair:6   | Reached XP level 13. HP: 41/55 MP: 12/28
 29676 | Lair:6   | Got a slimy brass ring
 30817 | Lair:6   | Killed a dire elephant
 32211 | Lair:6   | Got a coiled ivory ring
 32474 | Orc:1    | Entered Level 1 of the Orcish Mines
 33444 | Orc:1    | Learned a level 5 spell: Agony
 33445 | Orc:2    | Entered Level 2 of the Orcish Mines
 34069 | Orc:2    | Reached XP level 14. HP: 61/61 MP: 22/29
 34300 | Orc:2    | Noticed Urug
 34314 | Orc:2    | Noticed Saint Roka
 34681 | Orc:2    | Killed Urug
 35144 | Orc:2    | Found a roughly hewn altar of Beogh.
 35930 | Orc:2    | Found a staircase to the Elven Halls.
 36071 | Orc:2    | Found Moteeci's Antique Weapon Shoppe.
 36092 | Orc:2    | Killed Saint Roka
 36092 | Orc:2    | Reached skill level 15 in Necromancy
 36113 | Orc:2    | Found Aniovvy's Jewellery Shoppe.
 36136 | Orc:2    | Found Ixzucynk's General Store.
 36406 | Orc:2    | Found Faibowaum's Antique Armour Shoppe.
 36541 | Orc:2    | Bought the ring "Ifusih" {rPois MP+9 Int+3} for 675 gold pieces
 36678 | Snake:1  | Entered Level 1 of the Snake Pit
 36712 | Snake:1  | Identified the ring of Boikikh {+Fly rElec rN+} (You found it on level 6 of the Lair of Beasts)
 37326 | Snake:1  | Noticed Asterion
 37333 | Snake:1  | Noticed a balrug
 38227 | Snake:1  | HP: 3/61 [poisoned by a naga ritualist (toxic radiance)]
 39478 | Shoals:1 | Entered Level 1 of the Shoals
 39500 | Shoals:1 | Reached XP level 15. HP: 53/64 MP: 16/31
 39575 | Shoals:1 | Upgraded the game from 0.20-a0-957-g47ad1fd to 0.20-a0-959-gdc9e609
 40084 | D:13     | Identified the ring of Vanity {+Blink rPois rF+ rN++ Int-3} (You found it on level 6 of the Lair of Beasts)
 41259 | D:14     | Learned a level 5 spell: Bolt of Draining
 41441 | D:14     | Reached skill level 16 in Necromancy
 41444 | D:14     | Found a gate to the Vaults.
 41496 | D:14     | Found Mippea's Armour Shoppe.
 43259 | D:15     | Entered Level 15 of the Dungeon
 43437 | D:15     | Found a staircase to the Depths.
 43771 | D:15     | Noticed Roxanne
 44319 | D:15     | Noticed Rupert
 44327 | D:15     | Killed Rupert
 44425 | D:15     | Reached skill level 15 in Dodging
 44813 | Snake:2  | Reached XP level 16. HP: 70/70 MP: 24/32
 44924 | Snake:2  | Noticed Louise
 44928 | Snake:2  | Killed Louise
 45000 | Snake:2  | Noticed an Executioner
 45007 | Snake:2  | Demolished by Asterion
 45008 | Snake:2  | Reached XP level 15. HP: -15/66 MP: 23/31
 45323 | Snake:2  | Slain by Asterion
 45324 | Snake:2  | Reached XP level 14. HP: -2/63 MP: 4/30
 45333 | Snake:2  | Killed Asterion
 45739 | Snake:2  | Shot with an arrow by a naga sharpshooter

Vault maps used:
D:1:      onia_arrival_pentagram, minivault_5, minivault_26, minivault_23,
          okawaru_ov_weapons_minmay
D:2:      overflow_temple_1_default
D:3:      grunt_gozag_statues
D:4:      first_bread
D:5:      grunt_temple_overflow_open, minmay_temple_entry_grid, serial_shops,
          kennysheep_mini_moat, uniq_edmund
D:6:      lemuel_round_altar, serial_shops, shop, brannock_xom_greatest_gift,
          uniq_grinder
D:7:      grunt_ogre_cave, uniq_menkaure, uniq_pikel
D:8:      minmay_separated_statues, basic_altar
D:9:      minivault_7, uniq_erolcha, uniq_prince_ribbit1
D:10:     orc_0_dummy
D:11:     david_lair_generic
D:12:     uniq_harold
D:14:     erik_vaults_2, serial_shops, shop, serial_bayou_pond_e
D:15:     hangedman_depths_entry_try_elsewhere_first,
          hangedman_abyss_or_decor_lesser_grid, grunt_ministairs_3,
          uniq_roxanne, uniq_rupert
Temple:   eino_wide_crystal_templ
Lair:1:   pond, minmay_lair_oklob_chamber, grunt_megastairs_3,
          lemuel_fruit_fields, uniq_grum
Lair:2:   guppyfry_snake_entry_garden, infiniplex_staircase_pool,
          serial_bayou_shore_b, lemuel_fruit_tree
Lair:4:   elwin_shoals_entry_rocks
Lair:5:   dpeg_slime_entry_corner, cheibrodos_lair_caveside_slide,
          serial_bayou_shore_b
Lair:6:   hangedman_lair_in_review, hangedman_lair_caniforms_friends,
          basic_altar, portal_ice_cave_entry_pillars_1
Shoals:1: serial_shops, shop_statue, uniq_frances
Snake:1:  serial_bayou_shore_a, uniq_asterion
Snake:2:  uniq_louise
Orc:2:    grunt_orc_cross
IceCv:    ice_cave_statue_garden_chambered

Skill      XL: |  1  2  3  4  5  6  7  8  9 10 11 12 13 14 15 16 |
---------------+-------------------------------------------------+-----
Dodging        | 3 5 6 7 8 9 10 12 13 14 15 | 15.2
Unarmed Combat | 1 2 3 5 6 7 8 |  8.6
Spellcasting   | 3 4 5 6 7 8 9 10 11 | 11.9
Fighting       | 1 2 3 4 5 7 8 |  8.0
Necromancy     | 5 6 7 8 9 10 11 12 14 15 16 | 16.6
Stealth        | 3 4 5 6 7 10 9 11 12 | 12.0
Translocations | 2 4 |  4.2
Evocations     | 1 2 4 5 7 8 |  8.5
Charms         | 1 2 |  2.3
Hexes          | 2 3 6 8 11 12 13 14 | 14.3

Action                   |  1- 3 |  4- 6 |  7- 9 | 10-12 | 13-15 | 16-18 || total
-------------------------+-------+-------+-------+-------+-------+-------++-------
Melee: Unarmed           |    43 |   120 |   173 |  1152 |  1413 |    17 ||  2918
       Bite              |     2 |     5 |    12 |   124 |   201 |     1 ||   345
       Punch             |       |     1 |     1 |    33 |    68 |     1 ||   104
 Cast: Pain              |    42 |   122 |   132 |   195 |    17 |       ||   508
       Animate Skeleton  |    15 |    27 |    16 |    30 |    28 |       ||   116
       Vampiric Draining |       |    10 |    29 |    85 |    70 |       ||   194
       Regeneration      |       |     3 |     7 |    38 |    33 |     1 ||    82
       Animate Dead      |       |       |     1 |    51 |    85 |     3 ||   140
       Blink             |       |       |     1 |     2 |     1 |       ||     4
       Slow              |       |       |       |     1 |     2 |       ||     3
       Confuse           |       |       |       |   273 |   476 |     6 ||   755
       Sublimation of Bl |       |       |       |    11 |     8 |       ||    19
       Dispel Undead     |       |       |       |       |    20 |       ||    20
       Agony             |       |       |       |       |    15 |       ||    15
       Bolt of Draining  |       |       |       |       |     3 |       ||     3
Invok: Torment           |       |       |       |       |     2 |       ||     2
       Receive Corpses   |       |       |       |       |     1 |       ||     1
 Abil: Evoke Berserk Rag |       |       |     4 |     1 |       |       ||     5
Evoke: Wand              |       |       |    10 |    58 |    21 |       ||    89
  Use: Scroll            |     7 |     5 |     4 |    16 |    16 |     1 ||    49
       Potion            |       |     1 |     7 |    10 |     8 |       ||    26
 Stab: Sleeping          |    10 |     8 |     8 |    29 |    43 |     4 ||   102
       Distracted        |       |     2 |       |     2 |     8 |     1 ||    13
       Invisible         |       |       |     4 |       |       |       ||     4
       Paralysed         |       |       |     3 |    11 |       |       ||    14
       Confused          |       |       |       |   158 |   246 |     4 ||   408
       Betrayed ally     |       |       |       |     1 |       |       ||     1
  Eat: Chunk             |    11 |    15 |    13 |    49 |    49 |     1 ||   138
       Royal jelly       |       |       |       |       |     2 |       ||     2
Armor: Skin              |     3 |     6 |    12 |    47 |    45 |       ||   113
Dodge: Dodged            |    42 |   157 |   295 |  1182 |  1117 |    11 ||  2804
Block: Other             |       |       |       |    31 |   120 |       ||   151
       Reflection        |       |       |       |       |     4 |       ||     4
